 Dungeon Crawl Stone Soup version 0.29-a0-330-g52719c12eb (webtiles) character file.

Game seed: 15734483558184434036

67 Ajdolov the Gusty (level 4, 0/39 HPs)
             Began as an Ogre Air Elementalist on Apr 16, 2022.
             Slain by an adder (1 damage)
             ... on level 3 of the Dungeon.
             The game lasted 00:06:44 (2512 turns).

Ajdolov the Gusty (Ogre Air Elementalist)           Turns: 2512, Time: 00:06:45

Health: 0/39       AC:  3    Str: 12    XL:     4   Next: 18%
Magic:  0/7        EV:  9    Int: 18    God:
Gold:   60         SH:  0    Dex:  9    Spells: 6/7 levels left

rFire   . . .      SeeInvis .   f - +0 dagger
rCold   . . .      Faith    .   (no shield)
rNeg    . . .      Spirit   .   a - +0 robe
rPois   .          Reflect  .   (helmet restricted)
rElec   .          Harm     .   (no cloak)
rCorr   .          Rampage  .   (gloves unavailable)
Will    .....                   (boots unavailable)
Stlth   +.........              (no amulet)
HPRegen 0.13/turn               (no ring)
MPRegen 0.10/turn               (no ring)

@: mighty, lethally poisoned (0 -> -7)
A: large, unfitting armour, tough skin 1
a: no special abilities


You were on level 3 of the Dungeon.
You visited 1 branch of the dungeon, and saw 3 of its levels.

You collected 60 gold pieces.

Inventory:

Hand Weapons
 f - a +0 dagger (weapon)
Missiles
 d - 2 curare-tipped darts
Armour
 a - a +0 robe (worn)
Jewellery
 h - an amulet of guardian spirit
Scrolls
 e - 3 scrolls of identify {unknown}
 j - a scroll of teleportation {unknown}
Potions
 b - a potion of magic
 c - a potion of might
 g - 2 potions of brilliance {unknown}
 i - a potion of resistance {unknown}
 k - 2 potions of mutation {unknown}


   Skills:
 - Level 1.7 Dodging
 - Level 1.4 Stealth
 - Level 2.4 Spellcasting
 - Level 0.8 Conjurations
 * Level 4.4 Air Magic


You had 6 spell levels left.
You knew the following spells:

 Your Spells              Type           Power      Damage    Failure   Level
a - Shock                 Conj/Air       44%        1d5       6%          1

Your spell library contained the following spells:

 Spells                   Type           Power      Damage    Failure   Level
 Static Discharge         Conj/Air       11%        N/A       9%          2
 Swiftness                Air            18%        N/A       9%          3
 Airstrike                Air            9%         N/A       26%         4


Dungeon Overview and Level Annotations

Branches:
Dungeon (3/15)

Altars:


Innate Abilities, Weirdness & Mutations

You are too large for most types of armour.
You have tough skin. (AC +1)


Message History

The adder poisons you!
The zap misses the adder.
You feel sick. The adder bites you but does no damage.
Unknown command.
You are too injured to fight recklessly!
Unknown command.
You are too injured to fight recklessly!
Aiming: Shock (safe; 6% risk of failure)
Press: ? - help, Q - select action, (/) - cycle Shift-Dir - straight line, f/p - adder
Aim: an adder (moderately wounded, 48% to hit)
The zap hits the adder.
The adder is heavily wounded.
You feel sick. The adder barely misses you. The adder closely misses you.
Aiming: Shock (safe; 6% risk of failure)
Press: ? - help, Q - select action, (/) - cycle Shift-Dir - straight line, f/p - adder
Aim: an adder (heavily wounded, 48% to hit)
The zap hits the adder.
The adder is severely wounded.
You feel sick. The adder bites you.
You are lethally poisoned!
The adder poisons you!
You barely miss the adder.
The adder is severely wounded.
* * * LOW HITPOINT WARNING * * *
You feel very sick. The adder bites you.
* * * LOW HITPOINT WARNING * * *
Unknown command.
It was a potion of might.
You feel very mighty all of a sudden.
* * * LOW HITPOINT WARNING * * *
You feel sick. The adder bites you.
* * * LOW HITPOINT WARNING * * *
You barely miss the adder.
The adder is severely wounded.
* * * LOW HITPOINT WARNING * * *
You feel sick. The adder bites you.
* * * LOW HITPOINT WARNING * * *
The adder bites you.
You die...

... ... .. ..
.# .#
#######.#.###.
#<.@S)........
##############


You could see an adder.

Vanquished Creatures
  An adder (D:2)
  A dart slug (D:1)
  5 ball pythons
  8 endoplasms
  3 hobgoblins
  5 jackals
  2 quokkas (D:1)
  9 bats
  2 frilled lizards (D:1)
  9 goblins
  6 kobolds
  2 rats
53 creatures vanquished.

Vanquished Creatures (others)
  A bat (D:2)
1 creature vanquished.

Grand Total: 54 creatures vanquished

Notes
Turn   | Place    | Note
-------+----------+-------------------------------------------
     0 | D:1      | Ajdolov the Ogre Air Elementalist began the quest for the
                  | Orb.
     0 | D:1      | Reached XP level 1. HP: 16/16 MP: 3/3
    82 | D:1      | Reached skill level 3 in Air Magic
   130 | D:1      | You fall into a shaft and drop 1 floor!
   215 | D:1      | Reached XP level 2. HP: 24/24 MP: 0/5
   899 | D:1      | Reached XP level 3. HP: 31/31 MP: 2/6
  1250 | D:2      | Found a faded altar of an unknown god.
  1360 | D:2      | Reached skill level 4 in Air Magic
  1837 | D:2      | Reached XP level 4. HP: 39/39 MP: 0/7
  2512 | D:3      | HP: 1/39 [adder (2)]
  2512 | D:3      | Slain by an adder

Illustrated notes

Levels and vault maps discovered:
D:1:      lightli_arrival_statuegarden, layout_loops_cross
D:2:      layout_loops_ring, hellmonk_ecumenical_altar_prayer_group,
          minmay_crystal_water, minmay_stone_trees_small, lemuel_old_faithful
D:3:      layout_basic, mainiacjoe_overflow_alcove_1, marbit_many_paths,
          gammafunk_ghost_arena

Skill      XL: |  1  2  3 |
---------------+----------+-----
Air Magic      | 3 4 |  4.4
Dodging        | |  1.7
Stealth        | |  1.4
Spellcasting   | |  2.4
Conjurations   | |  0.8

Action                   |  1- 3 |  4- 6 || total
-------------------------+-------+-------++-------
Melee: Unarmed           |    13 |       ||    13
       Dagger            |    27 |     3 ||    30
 Cast: Shock             |    86 |    24 ||   110
  Use: Potion            |       |     1 ||     1
Armor: Robe              |    22 |     8 ||    30
Dodge: Dodged            |    38 |     5 ||    43

Table legend: (Time is in decaauts)
 A = Elapsed time spent in this place.
 B = Non-inter-level travel time spent in this place.
 C = Inter-level travel time spent in this place.
 D = Time resting spent in this place.
 E = Time spent auto-exploring this place.
 F = Levels seen in this place.
 G = Mean time per level.
                   A        B        C        D        E       F      G
               +--------+--------+--------+--------+--------+-----+--------+
         Total |   2513 |   2486 |     27 |      0 |   2162 |   3 |  837.7 |
       Dungeon |   2513 |   2486 |     27 |      0 |   2162 |   3 |  837.7 |
               +--------+--------+--------+--------+--------+-----+--------+

Top non-repeatable levels by time:
     D:2: 1393 daAuts
     D:1: 1100 daAuts
     D:3: 19 daAuts
